Map: Acropolis LE

Players

MarineLorD

  • Race: Terran Terran
  • League: Master
  • Spawn Location: 11:00

Serral - Winner!

  • Race: Zerg Zerg
  • League: Master
  • Spawn Location: 5:00

Event: NationWars 2019

VOD

Have the link to the VOD?

Description

Time

  • Played on: Nov. 14, 2019, 3:37 p.m.
  • Length: 11:53
Show
View Real Time Build Order
Export as new Build Order

MarineLorD Terran 

Build Orders: Command Center First (CC) 

Get SALT Encoding   

  12  0:00  SCV  
  13  0:12  SCV  
  14  0:17  Supply Depot  
  14  0:24  SCV  
  15  0:38  SCV  
  16  0:50  SCV  
  17  0:58  Command Center  
  17  1:02  SCV  
  18  1:11  Barracks  
  18  1:15  SCV  
  19  1:27  SCV  
  19  1:28  Refinery  
  20  1:36  Refinery  
  20  1:39  SCV  
  21  1:51  SCV  
  22  1:58  Marine  
  23  2:03  Orbital Command  
  23  2:10  Orbital Command  
  23  2:16  Marine  
  24  2:26  Factory  
  24  2:29  SCV  
  25  2:34  Marine  
  25  2:36  SCV  
  27  2:41  SCV  
  27  2:42  Supply Depot  
  28  2:48  SCV  
  29  2:53  SCV  
  29  2:56  Barracks Reactor  
  29  3:00  SCV  
  29  3:05  SCV  
  31  3:10  Command Center  
  31  3:12  SCV  
  32  3:15  Supply Depot  
  32  3:19  SCV  
  33  3:23  Starport  
  33  3:25  SCV  
  34  3:31  SCV  
  35  3:35  Hellion x2  
  35  3:38  SCV  
  40  3:43  SCV  
  40  3:44  Marine  
  42  3:50  SCV  
  43  3:55  SCV  
  43  4:00  Starport  
  43  4:02  SCV  
  45  4:04  Starport Tech Lab  
  45  4:05  Marine  
  45  4:07  Fusion Core  
  45  4:08  SCV  
  47  4:14  SCV  
  47  4:16  Supply Depot  
  48  4:17  Refinery  
  48  4:20  SCV  
  48  4:21  Orbital Command  
  49  4:24  Marine  
  49  4:25  Refinery  
  49  4:26  SCV  
  51  4:32  SCV  
  51  4:37  Hellion x2  
  51  4:38  SCV, Starport Tech Lab  
  56  4:44  SCV  
  58  4:46  SCV  
  58  4:50  SCV  
  60  4:54  Orbital Command  
  60  4:56  SCV  
  60  4:59  Battlecruiser  
  64  5:02  SCV  
  64  5:07  Weapon Refit  
  64  5:09  SCV  
  64  5:11  Supply Depot  
  65  5:21  Supply Depot, Battlecruiser  
  71  5:22  Supply Depot, Refinery  
  71  5:24  SCV x2, Refinery  
  71  5:25  SCV  
  74  5:34  Hellion x2  
  78  5:36  SCV x2  
  78  5:37  SCV  
  81  5:48  SCV x2  
  83  5:52  Supply Depot  
  83  5:55  Hellion  
  83  5:56  SCV, Hellion  
  88  6:00  SCV x2, Supply Depot  
  88  6:03  Battlecruiser  
  96  6:08  SCV  
  97  6:12  SCV x2  
  97  6:15  Supply Depot  
  97  6:16  Supply Depot  
  99  6:20  SCV  
  99  6:24  SCV x2  
  99  6:25  Battlecruiser  
  108  6:27  Hellion x2  
  108  6:32  SCV  
  113  6:36  SCV  
  113  6:37  SCV  
  115  6:44  SCV  
  106  6:48  Hellion x2  
  106  6:49  SCV x2  
  106  6:52  Command Center  
  110  6:55  Engineering Bay, Armory x2  
  110  6:56  SCV  
  110  7:01  SCV x2  
  113  7:07  Battlecruiser  
  119  7:10  Supply Depot, Hellion x2  
  119  7:12  Supply Depot  
  119  7:14  SCV x3  
  126  7:26  SCV x3  
  126  7:28  Supply Depot  
  126  7:29  Supply Depot  
  129  7:33  Supply Depot, Starport x2  
  129  7:34  Supply Depot  
  135  7:38  SCV x2  
  135  7:41  Missile Turret  
  135  7:42  Missile Turret  
  131  7:45  Hellion x2  
  135  7:53  Battlecruiser  
  135  8:00  Terran Vehicle And Ship Armor Level 1, Terran Ship Weapons Level 1  
  135  8:06  Hellion x2  
  135  8:12  Missile Turret  
  139  8:14  Refinery  
  139  8:15  Battlecruiser  
  139  8:16  Starport Tech Lab x2  
  139  8:17  Missile Turret  
  139  8:19  Refinery  
  145  8:20  Missile Turret  
  145  8:28  Hellion x2  
  147  8:37  Battlecruiser x2  
  159  8:45  Planetary Fortress  
  159  8:48  Missile Turret  
  159  8:49  Hellion x2  
  159  8:50  Missile Turret  
  162  9:02  Battlecruiser  
  168  9:11  Hellion x2  
  164  9:19  Battlecruiser  
  156  9:32  Hellion x2  
  152  9:41  Viking, Battlecruiser  
  131  9:53  Hellion x2  
  131  9:55  SCV x3  
  131  9:59  Command Center  
  134  10:00  Command Center  
  134  10:06  Battlecruiser  
  137  10:09  Missile Turret  
  137  10:14  Missile Turret  
  137  10:15  Hellion x2  
  137  10:18  Battlecruiser  
  147  10:23  Missile Turret  
  147  10:24  Missile Turret  
  144  10:36  Hellion x2  
  135  10:45  Battlecruiser  
  135  10:47  SCV x2  
  135  10:48  SCV  
  133  10:57  Hellion  
  133  10:58  Hellion  
Show
View Real Time Build Order
Export as new Build Order

Serral Zerg - Winner!

Build Orders: Pool First 

Get SALT Encoding   

  12  0:01  Drone  
  13  0:12  Overlord  
  13  0:16  Drone  
  14  0:31  Drone x2  
  14  0:34  Drone  
  17  0:44  Extractor  
  17  0:45  Drone  
  17  0:49  Spawning Pool  
  16  0:56  Drone  
  17  1:06  Drone  
  18  1:18  Hatchery  
  17  1:21  Drone  
  18  1:36  Zergling x2, Queen  
  18  1:39  Zergling x2  
  22  1:45  Metabolic Boost  
  22  1:52  Overlord  
  22  2:11  Drone, Queen  
  22  2:12  Drone  
  26  2:22  Drone  
  27  2:29  Queen  
  29  2:31  Drone  
  29  2:33  Drone  
  31  2:40  Drone  
  31  2:43  Drone  
  33  2:45  Drone x3  
  36  2:51  Pneumatized Carapace  
  36  2:53  Overlord  
  36  3:05  Hatchery  
  35  3:13  Queen  
  35  3:16  Drone  
  35  3:17  Drone x2  
  40  3:20  Drone  
  40  3:23  Drone  
  40  3:26  Overlord  
  42  3:29  Drone  
  42  3:30  Drone  
  44  3:40  Overlord  
  44  3:44  Drone  
  44  3:48  Overlord  
  45  3:49  Zergling x4  
  45  3:50  Drone x2  
  45  3:51  Queen  
  45  3:54  Zergling x2  
  52  3:58  Overlord  
  52  3:59  Drone  
  52  4:00  Drone  
  52  4:02  Drone  
  55  4:09  Zergling x2  
  56  4:10  Drone, Baneling Nest  
  56  4:15  Roach Warren  
  56  4:17  Queen  
  56  4:19  Drone x2  
  56  4:23  Zergling x2  
  61  4:26  Drone x2  
  61  4:29  Drone x2  
  66  4:33  Queen  
  66  4:34  Drone  
  66  4:38  Lair  
  68  4:40  Overlord  
  68  4:47  Extractor x2  
  68  4:48  Drone x4  
  68  4:49  Drone  
  68  4:50  Drone  
  72  4:54  Drone x3  
  72  4:57  Overlord  
  74  5:02  Extractor  
  74  5:03  Queen  
  74  5:04  Drone x2  
  74  5:05  Drone  
  78  5:08  Overlord  
  78  5:10  Drone x2  
  80  5:15  Overlord  
  80  5:16  Drone x3  
  83  5:21  Spore Crawler  
  83  5:22  Spore Crawler  
  83  5:23  Spore Crawler  
  83  5:24  Spore Crawler  
  83  5:25  Queen  
  83  5:28  Drone  
  83  5:29  Drone, Extractor x2  
  83  5:33  Drone x2  
  84  5:39  Drone x2, Overlord  
  84  5:40  Drone  
  86  5:45  Spire  
  86  5:46  Drone x2  
  86  5:49  Overseer  
  87  5:50  Drone x3  
  87  5:55  Drone  
  87  5:56  Spore Crawler  
  90  5:58  Drone  
  90  5:59  Glial Reconstitution  
  90  6:00  Spore Crawler  
  90  6:06  Overlord  
  90  6:09  Drone  
  90  6:10  Spore Crawler  
  90  6:11  Drone  
  91  6:12  Overlord x2  
  91  6:13  Drone  
  93  6:18  Zergling x6  
  95  6:30  Hatchery  
  88  6:44  Queen x2  
  88  6:45  Queen  
  87  6:52  Drone x2  
  87  6:53  Drone x3  
  88  6:58  Corruptor x3  
  88  6:59  Corruptor x2  
  88  7:00  Corruptor  
  96  7:05  Drone  
  96  7:09  Corruptor  
  96  7:12  Corruptor  
  100  7:16  Corruptor  
  100  7:17  Corruptor  
  100  7:21  Corruptor  
  104  7:25  Corruptor  
  105  7:31  Drone  
  105  7:33  Roach x3  
  105  7:36  Roach x2  
  116  7:43  Corruptor x2  
  120  7:44  Roach  
  122  7:53  Zerg Flyer Armor Level 1  
  122  7:55  Overlord x3  
  122  8:02  Roach x5  
  130  8:06  Drone  
  130  8:09  Spawning Pool  
  130  8:17  Corruptor x3  
  136  8:23  Drone x3  
  136  8:24  Extractor  
  138  8:28  Drone x4  
  143  8:34  Drone x5  
  147  8:44  Extractor  
  147  8:45  Overlord x2  
  147  8:47  Drone x2  
  147  8:48  Drone  
  149  8:50  Roach x4  
  155  8:59  Corruptor x3  
  155  9:05  Corruptor x2  
  151  9:19  Roach x10  
  162  9:26  Corruptor x2  
  158  9:41  Corruptor x4  
  156  9:46  Roach x4  
  156  9:52  Drone x2  
  162  9:53  Drone x2  
  162  9:55  Roach x3  
  162  9:59  Zerg Flyer Weapons Level 1  
  164  10:03  Corruptor x2  
  162  10:07  Corruptor  
  162  10:12  Corruptor x2  
  164  10:20  Drone x4  
  168  10:32  Hatchery  
  161  10:37  Corruptor x4  
  161  10:41  Corruptor x2  
  161  10:49  Corruptor x2  
  163  10:57  Roach x6  
  163  11:01  Roach x2  
  177  11:08  Infestation Pit  
  176  11:13  Corruptor x4  
  182  11:22  Roach x6  
  190  11:28  Roach  
  186  11:33  Overlord  
Tags
 
Add a new tag
Caveats
  • Supply blocks, unpowered buildings, or Contaminate may cause inaccurate times.
  • Supply counts are checked every 10 seconds.